 Dungeon Crawl Stone Soup version 0.31-a0-986-g5e6e4ef867 (webtiles) character file.

Game seed: 5337546994435352725

532 Demosthentine the Poker (level 7, 54/54 HPs)
             Began as a Demonspawn Gladiator on Nov 4, 2023.
             Got out of the dungeon alive.
             The game lasted 00:05:52 (3881 turns).

Demosthentine the Poker (Demonspawn Gladiator)      Turns: 3881, Time: 00:05:53

Health: 54/54      AC:  9    Str: 16    XL:     7   Next: 3%
Magic:  7/7        EV: 13    Int: 10    God:
Gold:   150        SH:  0    Dex: 14    Spells: 6/6 levels left

rFire   . . .        a - +1 trident
rCold   . . .        (no shield)
rNeg    . . .        b - +0 leather armour
rPois   .            c - +1 helmet
rElec   .            g - +0 cloak
rCorr   .            (no gloves)
SInv    .            r - +2 pair of boots
Will    .....        l - amulet of guardian spirit
Stlth   +            m - ring of flight
HPRegen 0.29/turn    (no ring)
MPRegen 0.10/turn

%: guardian spirit
@: flying
A: claws 1, ignite blood 1, powered by death 1, sturdy frame 1
a: no special abilities


You escaped.
You visited 1 branch of the dungeon, and saw 4 of its levels.

You collected 150 gold pieces.

Inventory:

Hand Weapons
 a - a +1 trident (weapon)
Missiles
 d - 2 throwing nets (quivered)
 e - a javelin
Armour
 b - a +0 leather armour (worn)
 c - a +1 helmet (worn)
 g - a +0 cloak (worn)
 r - a +2 pair of boots (worn)
Jewellery
 l - an amulet of guardian spirit (around neck)
 m - a ring of flight (left claw)
Scrolls
 o - a scroll of enchant armour
Potions
 f - a potion of haste {unknown}
 i - a potion of degeneration {unknown}
 j - 2 potions of curing {unknown}
 n - 2 potions of mutation {unknown}
 p - 2 potions of attraction {unknown}


   Skills:
 + Level 4.2 Fighting
 + Level 4.2 Polearms
 - Level 1.7 Throwing
 + Level 3.1 Armour
 + Level 4.2 Dodging


You had 6 spell levels left.
You didn't know any spells.
Your spell library contained the following spells:

 Spells                   Type           Power      Damage    Failure   Level
 Summon Small Mammal      Summ           0%         N/A       36%         1
 Call Canine Familiar     Summ           0%         N/A       75%         3
 Summon Guardian Golem    Hex/Summ       0%         N/A       75%         3


Dungeon Overview and Level Annotations

Branches:
Dungeon (4/15)
 Temple: D:4-7

Altars:

Shops:
D:1 (


Innate Abilities, Weirdness & Mutations

You have sharp fingernails.
Your demonic aura sometimes causes spilled blood to erupt in flames.
You regenerate a little health from kills.
Your movements are slightly less encumbered by armour. (ER -2)


Message History

The orc priest miscasts a cantrip.
The dart slug launches a dart at you. The slug dart misses you.
You closely miss the orc priest.
The orc priest is almost dead.
The orc priest barely misses you.
The dart slug bites you but does no damage.
You hit the orc priest.
You kill the orc priest!
The dart slug bites you but does no damage.
You have reached level 7!
Your demonic ancestry asserts itself...
Your fingernails lengthen.
You puncture the dart slug!
You kill the dart slug!
You see here a dart slug corpse.
What level of the Dungeon? (default 4, ? - help) You're already here!
What level of the Dungeon? (default 4, ? - help)
There is a stone staircase leading up here.
You fly upwards.
There is a stone staircase leading down, spattered with blood here.
Things that are here:
a +0 dagger; an orc corpse
Things that are here:
a +0 robe; a +0 dagger Magic restored.
There is a stone staircase leading up here.
You fly upwards.
There is a stone staircase leading down here.
You see here a +0 club.
You see here an adder skeleton.
There is a stone staircase leading up here.
You fly upwards.
There is a stone staircase leading down here.
Press: ? - help, . - travel You can't see that place. [the floor.]
There is an escape hatch in the floor here.
There is a staircase leading out of the dungeon here.
You have escaped!

#.#...#.#...#.#...# #........#
##.###.###.###.###.#####........#
...[.#>....#..>..#..............#
...###.###.#.###.#...........####
...#...#.#.#.#.#.#....[......# #
##.#####.#.###.###...........# #
#.......#>..................# #
#.#####.#.###.###.#.#########
##.#...#.#.#.#.#@#.#.# #####
#..###.###.#.###.#.#.# #....
....(#>....#..>..#...# #.###
##.###.###.###.###.### #.#
.#.#...#.#...#.#...# #.#
.#.#####.#####.###.# #.#
...................# #.#
...............##### #.#
......########..### #.#


There were no monsters in sight!

Vanquished Creatures
  An ogre (D:4)
  3 orc priests
  Crazy Yiuf (D:3)
  A gnoll bouda (D:4)
  3 orc wizards (D:3)
  6 adders (D:2)
  7 gnolls
  An adder skeleton (D:3)
  A worm (D:2)
  2 dart slugs
  12 orcs (D:3)
  6 bats
  5 endoplasms
  3 giant cockroaches
  6 goblins
  8 hobgoblins
  4 jackals (D:1)
  4 quokkas
  7 ball pythons
  A ball python skeleton (D:3)
  2 frilled lizards (D:1)
  5 kobolds
  A quokka skeleton (D:3)
  5 rats
95 creatures vanquished.

Notes
Turn   | Place    | Note
-------+----------+-------------------------------------------
     0 | D:1      | Demosthentine the Demonspawn Gladiator began the quest for
                  | the Orb.
     0 | D:1      | Reached XP level 1. HP: 16/16 MP: 1/1
    69 | D:1      | Gained mutation: Your movements are slightly less
                  | encumbered by armour. (ER -2) [demonic ancestry]
    69 | D:1      | Reached XP level 2. HP: 14/22 MP: 2/2
   362 | D:1      | Found Hovam's Antique Weapon Shoppe.
   541 | D:1      | Reached skill level 1 in Armour
   764 | D:1      | Gained mutation: You regenerate a little health from kills.
                  | [demonic ancestry]
   764 | D:1      | Reached XP level 3. HP: 28/28 MP: 3/3
  1420 | D:2      | Reached XP level 4. HP: 34/34 MP: 4/4
  2327 | D:2      | Reached XP level 5. HP: 34/41 MP: 5/5
  2827 | D:3      | Gained mutation: Your demonic aura sometimes causes spilled
                  | blood to erupt in flames. [demonic ancestry]
  2827 | D:3      | Reached XP level 6. HP: 47/47 MP: 6/6
  3395 | D:3      | Found a runed translucent door.
  3396 | D:3      | Noticed Crazy Yiuf
  3440 | D:3      | Killed Crazy Yiuf
  3759 | D:4      | Gained mutation: You have sharp fingernails. [demonic
                  | ancestry]
  3759 | D:4      | Reached XP level 7. HP: 25/54 MP: 3/7
  3881 | D:$      | Got out of the dungeon alive.

Illustrated notes

Levels and vault maps discovered:
D:1:      evilmike_arrival_hilbert_curve, layout_basic, serial_shops,
          nicolae_shop_crystal, minivault_11
D:2:      layout_basic, minmay_misc_feat_ornament, roderic_filled_cross,
          chequers_serial_rivers_large_b
D:3:      layout_loops_corners, serial_undead, serial_undead_a, serial_undead_c,
          serial_undead_b, serial_undead_b,
          nicolae_concentric_dashed_squares_wild, uniq_crazy_yiuf_cottage
D:4:      layout_cave_pools, zin_angel, serial_shops,
          nicolae_shop_rolling_square, uniq_ijyb

Skill      XL: |  1  2  3  4  5  6 |
---------------+-------------------+-----
Polearms       | 3 4 |  4.2
Dodging        | 3 4 |  4.2
Armour         | 1 2 3 |  3.1
Fighting       | 3 4 |  4.2
Throwing       | |  1.7

Action                     |  1- 3 |  4- 6 |  7- 9 || total
---------------------------+-------+-------+-------++-------
  Melee: Trident           |   139 |   258 |     1 ||   398
         Punch             |     2 |     6 |       ||     8
  Throw: Throwing net      |       |     4 |       ||     4
    Use: Scroll            |     2 |     6 |       ||     8
         Potion            |       |     3 |       ||     3
   Stab: Sleeping          |     3 |     2 |       ||     5
         Distracted        |       |     1 |       ||     1
         Held in net/web   |       |     1 |       ||     1
 Armour: Leather armour    |    68 |   147 |       ||   215
  Dodge: Dodged            |   100 |   142 |       ||   242

Table legend: (Time is in decaauts)
 A = Elapsed time spent in this place.
 B = Non-inter-level travel time spent in this place.
 C = Inter-level travel time spent in this place.
 D = Time resting spent in this place.
 E = Time spent auto-exploring this place.
 F = Levels seen in this place.
 G = Mean time per level.
                   A        B        C        D        E       F      G
               +--------+--------+--------+--------+--------+-----+--------+
         Total |   3936 |   3763 |    173 |     58 |   2818 |   4 |  984.0 |
       Dungeon |   3936 |   3763 |    173 |     58 |   2818 |   4 |  984.0 |
               +--------+--------+--------+--------+--------+-----+--------+

Top non-repeatable levels by time:
     D:2: 1383 daAuts
     D:3: 1371 daAuts
     D:1: 1017 daAuts
     D:4: 164 daAuts
